 Dungeon Crawl Stone Soup version 0.19-a0-465-g1d1674b (webtiles) character file.

58 Duffy the Conjurer (level 3, -2/19 HPs)
             Began as a Deep Elf Conjurer on June 4, 2016.
             Slain by a hound (5 damage)
             ... on level 3 of the Dungeon.
             The game lasted 00:02:31 (2035 turns).

Duffy the Conjurer (Deep Elf Conjurer)              Turns: 2035, Time: 00:02:32

Health: -2/19      AC:  6    Str:  0    XL:     3   Next: 75%
Magic:  11/11      EV: 13    Int: 25    God:
Gold:   83         SH:  0    Dex: 15    Spells: 2 memorised, 8 levels left

rFire  . . .     SeeInvis .     (no weapon)
rCold  . . .     Gourm    .     a - +1 robe
rNeg   . . .     Faith    .     (no shield)
rPois  .         Spirit   .     d - +2 helmet
rElec  .         Dismiss  .     (no cloak)
rCorr  .         Reflect  .     (no gloves)
SustAt .         Harm     .     (no boots)
MR     .....                    (no amulet)
Stlth  ++........               k - -5 ring of strength (curse)
                                f - +5 ring of intelligence

@: slowed, lost strength, very slow, not resistant to hostile enchantments,
unstealthy
A: no striking features
a: no special abilities


You were on level 3 of the Dungeon.
You were not hungry.

You visited 1 branch of the dungeon, and saw 3 of its levels.

You collected 83 gold pieces.


   Skills:
 - Level 2.4 Dodging
 - Level 2.4 Stealth
 + Level 4.5 Spellcasting
 + Level 5.2 Conjurations


You had 8 spell levels left.
You knew the following spells:

 Your Spells              Type           Power        Failure   Level  Hunger
a - Magic Dart            Conj           ####         1%          1    None
s - Searing Ray           Conj           ####..       1%          2    None

Inventory:

Armour
 a - a +1 robe (worn)
 d - a +2 helmet (worn)
Jewellery
 f - a +5 ring of intelligence (left hand)
 k - a cursed -5 ring of strength (right hand)
 m - an uncursed ring of ice
Wands
 o - a wand of confusion (11/48)
Scrolls
 l - 2 scrolls of amnesia
Potions
 e - a potion of agility
 g - 2 potions of curing
 n - a potion of ambrosia {unknown}
Books
 b - a book of Conjurations
Comestibles
 c - a bread ration
 i - a meat ration
 j - 2 beef jerkies

Dungeon Overview and Level Annotations

Branches:
Dungeon (3/15)

Altars:
Gozag


Message History

The magic dart hits the giant newt.
The giant newt is heavily wounded.
Cast which spell? (? or * to list)
Aiming: Magic Dart
Press: ? - help, Shift-Dir - straight line, f/p - giant newt
Aim: a giant newt The magic dart hits the giant newt.
You kill the giant newt!
Cast which spell? (? or * to list)
You can't see any susceptible monsters within range! (Use Z to cast anyway.)
You now have 72 gold pieces (gained 17).
You now have 83 gold pieces (gained 11).
l - 2 scrolls of amnesia (gained 1)
Found 14 arrows.
You see here 14 arrows.
Found a chain mail.
h - a scroll labeled XUNOR OBLAE
As you read the scroll labeled XUNOR OBLAE, it crumbles to dust.
You hear a loud clanging noise!
It was a scroll of noise.
You hear a shout! x4
A hound comes into view.
The hound barks!
The hound stops to sniff the ground.
An orc priest comes into view. It is wielding a flail.
The orc priest moves out of view.
An orc and a dart slug come into view.
An orc comes into view. It is wielding a mace.
The hound bites you. x2
The hound barely misses you.
The orc shouts!
The hound bites you. The orc barely misses you.
An orc wizard comes into view. It is wielding a dagger.
The orc wizard shouts!
The hound closely misses you.
The orc priest looks braver for a moment.
The orc hits you with a mace. The hound bites you.
The orc wizard mumbles some strange words.
The orc wizard flickers and vanishes!
Deactivating autopickup; reactivate with Ctrl-A.
The hound bites you but does no damage. The hound bites you but does no damage.
The orc priest looks braver for a moment.
The hound completely misses you. The orc closely misses you.
The hound bites you. The hound misses you. The hound closely misses you.
Something completely misses you. The orc barely misses you.
The hound bites you.
You die...

# #..........##
####........### ####
..............## #..#
####.%.........# #..#
# #........##..## #..#
....#####.###...# #..#
#### #.# #...####..# #
#.. ##..##....#
######### ##..
#..@o..#.###.......[
.###..h..#(##..#######
###.o.#.#..####.%
#................
#..##......#######
...##..#.o...## ...#
#.........# ...
...####.#..### ## ...#
#.#....##


You could see a hound, an orc priest and 2 orcs.

Action                   || total
-------------------------++-------
 Cast: Magic Dart        ||    69
       Searing Ray       ||     3
  Use: Scroll            ||     8
  Eat: Chunk             ||     5
Armor: Robe              ||    10
Dodge: Dodged            ||    36

Notes
Turn   | Place    | Note
--------------------------------------------------------------
     0 | D:1      | Duffy the Deep Elf Conjurer began the quest for the Orb.
     0 | D:1      | Reached XP level 1. HP: 10/10 MP: 6/6
   344 | D:1      | Reached XP level 2. HP: 15/15 MP: 3/8
   348 | D:1      | Learned a level 2 spell: Searing Ray
   583 | D:1      | Reached skill level 4 in Spellcasting
   606 | D:1      | Lost strength.
   631 | D:1      | Reached XP level 3. HP: 16/19 MP: 0/10
   852 | D:1      | Reached skill level 5 in Conjurations
  1489 | D:2      | Found an opulent altar of Gozag.
  2035 | D:3      | Slain by a hound

Skill      XL: |  1  2  3 |
---------------+----------+-----
Spellcasting   | 4 |  4.5
Conjurations   | 5 |  5.2
Dodging        | |  2.4
Stealth        | |  2.4

Vault maps used:
D:1:      dpeg_arrival_rooms_a
D:2:      grunt_gozag_breadcrumbs, uniq_crazy_yiuf_cottage

Vanquished Creatures
  An ooze
  A worm
  3 giant geckos
  4 giant cockroaches
  9 goblins
  5 hobgoblins
  3 jackals
  5 kobolds
  3 bats
  A giant newt
  6 rats
41 creatures vanquished.
